 Dungeon Crawl Stone Soup version 0.29-a0-676-ga64570c9d2 (webtiles) character file.

Game seed: 17850763573949276227

31 blackman the Sneak (level 3, -2/29 HPs)
             Began as a Human Delver on June 24, 2022.
             Slain by a black bear (5 damage)
             ... on level 4 of the Dungeon.
             The game lasted 00:02:32 (1322 turns).

blackman the Sneak (Human Delver)                   Turns: 1322, Time: 00:02:33

Health: -2/29      AC:  3    Str: 14    XL:     3   Next: 40%
Magic:  3/3        EV: 12    Int: 10    God:
Gold:   17         SH:  0    Dex: 14    Spells: 2/2 levels left

rFire   . . .      SeeInvis .   d - +2 dagger (freeze)
rCold   . . .      Faith    .   (no shield)
rNeg    . . .      Spirit   .   b - +0 leather armour
rPois   .          Reflect  .   (no helmet)
rElec   .          Harm     .   (no cloak)
rCorr   .          Rampage  .   (no gloves)
Will    .....                   (no boots)
Stlth   +++.......              (no amulet)
HPRegen 0.09/turn               (no ring)
MPRegen 0.08/turn               (no ring)

@: hasted, very quick
A: no striking features
a: no special abilities


You were on level 4 of the Dungeon.
You visited 1 branch of the dungeon, and saw 4 of its levels.

You collected 17 gold pieces.

Inventory:

Hand Weapons
 a - a +0 spear
 d - a +2 dagger of freezing (weapon)
Armour
 b - a +0 leather armour (worn)
Wands
 g - a wand of digging (3)
Scrolls
 c - a scroll of fog
 e - a scroll of fear
Potions
 h - a potion of lignification {unknown}


   Skills:
 - Level 3.0 Fighting
 * Level 2.8(3.1) Axes
 - Level 2.0(2.7) Polearms
 - Level 2.0 Dodging
 - Level 5.0 Stealth


You had 2 spell levels left.
You didn't know any spells.
Your spell library was empty.

Dungeon Overview and Level Annotations

Branches:
Dungeon (6/15)
 Temple: D:4-7

Altars:

Shops:
D:4 [


Message History

a +0 short sword; a hobgoblin corpse Key pressed, stopping explore.
Key pressed, stopping explore.
You now have 17 gold pieces (gained 13).
Found 5 stones.
h - a glowing green potion A black bear comes into view.
A goblin comes into view. It is wielding a +0 club.
The black bear growls angrily.
The goblin shouts!
Found a pair of boots.
You feel yourself speed up.
You hit the black bear. You freeze the black bear.
The black bear is lightly wounded.
You hit the black bear. You freeze the black bear.
The black bear is moderately wounded.
The black bear bites you! The black bear closely misses you.
The black bear claws you.
You hit the black bear. You freeze the black bear.
The black bear is moderately wounded.
The black bear closely misses you. The black bear barely misses you.
The black bear closely misses you.
You hit the black bear. You freeze the black bear.
The black bear is heavily wounded.
You hit the black bear. You freeze the black bear.
The black bear is severely wounded.
The black bear bites you! The black bear claws you. x2
* * * LOW HITPOINT WARNING * * *
You hit the black bear but do no damage.
The black bear is severely wounded.
The black bear barely misses you. The black bear claws you.
* * * LOW HITPOINT WARNING * * *
The black bear claws you.
* * * LOW HITPOINT WARNING * * *
You hit the black bear. You freeze the black bear.
The black bear is severely wounded.
The black bear goes berserk!
You hit the black bear. You freeze the black bear.
The black bear is almost dead.
The black bear bites you.
You die...

##.# ##...#####
.......... #.........##
#..##..##.# #.###.# #.#
#.##.. .#.# #+#
#.##.##.#.# #@#
#.(#.#.##.# #h#
###.#...###.#
##g###...........#
######...##.###########
....[.....#.#
.#...#...##.#
......#.###.#
......#.###.#
............#


You could see a black bear (berserk) and a goblin.

Vanquished Creatures
  An adder (D:3)
  6 orcs
  A bat (D:3)
  An endoplasm (D:4)
  A giant cockroach (D:3)
  A goblin (D:4)
  A hobgoblin (D:4)
  2 kobolds
  A rat (D:3)
15 creatures vanquished.

Notes
Turn   | Place    | Note
-------+----------+-------------------------------------------
     0 | D:5      | blackman the Human Delver began the quest for the Orb.
     0 | D:5      | Reached XP level 1. HP: 18/18 MP: 1/1
    28 | D:6      | Noticed an orc wizard
   257 | D:6      | Noticed a wight
   258 | D:6      | Noticed a wight
   285 | D:4      | Found Lepruut's Antique Armour Shoppe.
   293 | D:4      | Reached skill level 1 in Axes
   314 | D:4      | Reached XP level 2. HP: 19/24 MP: 2/2
   584 | D:3      | Reached XP level 3. HP: 28/29 MP: 3/3
   615 | D:4      | HP: 1/29 [orc/+0 club (2)]
  1305 | D:4      | Noticed a black bear
  1322 | D:4      | Slain by a black bear

Illustrated notes

Levels and vault maps discovered:
D:3:      layout_loops_ring, mainiacjoe_overflow_paths,
          makhleb_altar_promises_db, cheibrodos_ashenzari_chains,
          overflow_temple_1_default, gammafunk_ghost_arena,
          minmay_misc_feat_square
D:4:      layout_loops_corners, serial_shops, nicolae_diamond_shop, shop,
          nicolae_stop_n_shop_1
D:5:      layout_loops_ring, nicolae_alphabet_shops
D:6:      layout_basic, minmay_temple_entry_ruins, uniq_grinder

Skill      XL: |  1  2 |
---------------+-------+-----
Axes           | 1 2 |  2.8
Fighting       | |  3.0
Polearms       | |  2.0
Dodging        | |  2.0
Stealth        | |  5.0

Action                   || total
-------------------------++-------
Melee: Spear             ||    23
       Dagger            ||    59
  Use: Scroll            ||     1
       Potion            ||     1
 Stab: Sleeping          ||     2
Armor: Leather armour    ||    14
Dodge: Dodged            ||    53

Table legend: (Time is in decaauts)
 A = Elapsed time spent in this place.
 B = Non-inter-level travel time spent in this place.
 C = Inter-level travel time spent in this place.
 D = Time resting spent in this place.
 E = Time spent auto-exploring this place.
 F = Levels seen in this place.
 G = Mean time per level.
                   A        B        C        D        E       F      G
               +--------+--------+--------+--------+--------+-----+--------+
         Total |   1319 |   1304 |     15 |    701 |    396 |   4 |  329.8 |
       Dungeon |   1319 |   1304 |     15 |    701 |    396 |   4 |  329.8 |
               +--------+--------+--------+--------+--------+-----+--------+

Top non-repeatable levels by time:
     D:4: 751 daAuts
     D:3: 282 daAuts
     D:6: 265 daAuts
     D:5: 19 daAuts
